 Dungeon Crawl Stone Soup version 0.22.0-36-g8e74550 (webtiles) character file.

550 Monsterracer the Chopper (level 7, 46/64 HPs)
             Began as a Deep Dwarf Fighter on Aug 24, 2018.
             Quit the game in the Ecumenical Temple.
             The game lasted 00:02:13 (995 turns).

Monsterracer the Chopper (Deep Dwarf Fighter)        Turns: 995, Time: 00:02:14

Health: 46/64      AC:  9    Str: 21    XL:     7   Next: 7%
Magic:  16/16      EV:  5    Int:  9    God:
Gold:   3          SH: 10    Dex: 12    Spells: 6/6 levels left

rFire    . . .     SeeInvis .   a - +1 war axe
rCold    . . .     Gourm    .   f - +0 shield
rNeg     + + .     Faith    .   e - +0 chain mail of Ymucaune {rPois rN++ MP+9 Slay-2} (curse)
rPois    +         Spirit   .   (no helmet)
rElec    .         Reflect  .   (no cloak)
rCorr    .         Harm     .   (no gloves)
MR       +....                  (no boots)
Stlth    ..........             (no amulet)
HPRegen  0.00/turn              (no ring)
MPRegen  0.15/turn              (no ring)

@: non-regenerating
A: damage resistance, heal wounds, sense surroundings 1, no regeneration
a: Heal Wounds


You were in the Ecumenical Temple.
You were not hungry.

You visited 2 branches of the dungeon, and saw 5 of its levels.
You also visited: Ossuary.

You collected 164 gold pieces.
You spent 161 gold pieces at shops.

Inventory:

Hand Weapons
 a - a +1 war axe (weapon)
Armour
 e - the cursed +0 chain mail of Ymucaune (worn) {rPois rN++ MP+9 Slay-2}
   (You bought it in a shop on level 4 of the Dungeon)

   It affects your accuracy and damage with ranged weapons and melee attacks
   (-2).
   It protects you from poison.
   It greatly protects you from negative energy.
   It affects your magic capacity (+9).
   It has a curse placed upon it.
 f - a +0 shield (worn)
Wands
 k - a wand of digging (12)
Scrolls
 h - 2 scrolls of teleportation
 i - a scroll of remove curse
 m - a scroll of immolation
 n - a scroll of blinking
Potions
 b - a potion of haste
 d - a potion of might
 j - 5 potions of curing
 l - a potion of degeneration
Comestibles
 c - 5 rations
 g - 2 chunks of flesh


   Skills:
 + Level 4.1 Fighting
 * Level 5.6 Axes
 + Level 4.9 Armour
 + Level 4.9 Shields


You had 6 spell levels left.
You didn't know any spells.
Your spell library was empty.

Dungeon Overview and Level Annotations

Branches:
Dungeon (4/15)             Temple (1/1) D:4

Altars:
Ashenzari
Cheibriados
Dithmenos
Fedhas
Gozag
Kikubaaqudgha
Nemelex Xobeh
Qazlal
Ru
Trog
Uskayaw
Vehumet
Xom
Yredelemnul
Zin
The Shining One

Shops:
D:4 [


Innate Abilities, Weirdness & Mutations

You are resistant to damage.
You can heal yourself by infusing magical energy.
You passively map a small area around you.
You do not regenerate.


Message History

Ijyb is moderately wounded.
You block Ijyb's attack.
You closely miss Ijyb.
Ijyb is moderately wounded.
You block Ijyb's attack. Ijyb hits you but does no damage.
You slash Ijyb!
Ijyb is severely wounded.
You block Ijyb's attack.
You hit Ijyb.
You kill Ijyb!
You slash the ogre!
The ogre is moderately wounded.
You block the ogre's attack.
You hit the ogre.
The ogre is heavily wounded.
The ogre hits you but does no damage.
You slash the ogre!
The ogre is almost dead.
The ogre hits you with a giant club.
You take 3 damage, and have 39/57 hp.
You hit the ogre.
The ogre is almost dead.
The ogre hits you with a giant club!!
You take 21 damage, and have 18/57 hp.
MASSIVE DAMAGE!!
You slash the ogre!
You kill the ogre!
Your Fighting skill increases to level 4!
You have reached level 7!
You regained 2 hp, and now have 20/64 hp.
MP restored: 16 You feel much better.
You regained 29 hp, and now have 49/64 hp.
k - a wand of digging (12)
Things that are here:
a giant club; a chain mail
(D) Dungeon (T) Temple
Where to? (Enter - D:4 @ (x,y), ? - help)
There is a stone staircase leading up here.
A worker ant comes into view.
Found a staircase to the Ecumenical Temple.
There are no items here.
The worker ant bites you but does no damage.
The worker ant barely misses you.
You hit the worker ant but do no damage.
You block the worker ant's attack.
Your chain mail of Ymucaune prevents you from hitting the worker ant.
The worker ant bites you. You block the worker ant's attack.
Your shield and chain mail of Ymucaune prevent you from hitting the worker ant.
The worker ant bites you but does no damage.
You hit the worker ant.
The worker ant is moderately wounded.
You block the worker ant's attack. The worker ant completely misses you.
You closely miss the worker ant.
The worker ant is moderately wounded.
You block the worker ant's attack. The worker ant bites you.
You take 3 damage, and have 46/64 hp.
You slash the worker ant!
You kill the worker ant!
No target in view!
No target in view!
You hit the bush but do no damage.
No target in view!
You slash the bush!
The bush is lightly damaged.
There is a staircase to the Ecumenical Temple here.
You climb downwards.
Welcome to the Ecumenical Temple!
Found a stormy altar of Qazlal.
There is a staircase back to the Dungeon here.
Unknown command.
Found a glowing golden altar of the Shining One and an opulent altar of Gozag.
Found a snail-covered altar of Cheibriados.
No target in view!
Found a shimmering altar of Xom.
No target in view!
Found a bloodstained altar of Trog and a blossoming altar of Fedhas.
No target in view!
No target in view!
Found a shadowy altar of Dithmenos.
No target in view!
There is a shimmering altar of Xom here.
Found a glowing silver altar of Zin.
Key pressed, stopping explore.
No target in view!
No target in view!
There is a shadowy altar of Dithmenos here.
Found a basalt altar of Yredelemnul.
No target in view!
There is a glowing silver altar of Zin here.
Found a sparkling altar of Nemelex Xobeh.
No target in view!
Found a hide-covered altar of Uskayaw.
There is a sparkling altar of Nemelex Xobeh here.
Found a shattered altar of Ashenzari.
Found a radiant altar of Vehumet.
There is a hide-covered altar of Uskayaw here.
Found an ancient bone altar of Kikubaaqudgha.
There is a radiant altar of Vehumet here.
Done exploring.
No target in view!
Are you sure you want to abandon this character and quit the game? (Confirm with "yes".)

##### #...# #.<.#
#####...##### #...##.##...#
#._......._.#
#####...#...#...#####
#...##.##._.##.##...#
#####._...@.#...#....._.###
#...#...#._.#####._.#...#..
#._....##...........##...._
#...#...#####._.#####...#..
#####._....##...##...._.###
#...#...#####...#...#
#####._......._.#####
#...#...#...# #####._.#####


There were no monsters in sight!

Vanquished Creatures
  An ogre (D:4)
  3 elf zombies (Ossuary)
  A bullfrog (D:2)
  A hound (D:4)
  Ijyb (D:4)
  2 worker ants (D:4)
  3 mummies (Ossuary)
  An adder (D:3)
  3 adder zombies (Ossuary)
  A worm (D:2)
  2 dart slugs (D:2)
  An orc (D:3)
  A ball python (D:3)
  2 bats (D:1)
  2 goblins
  5 hobgoblins
  A quokka (D:3)
  3 goblin zombies (Ossuary)
  A hobgoblin zombie (Ossuary)
  7 kobolds
  4 kobold zombies (Ossuary)
  2 quokka zombies (Ossuary)
  4 rats
  2 rat zombies (Ossuary)
54 creatures vanquished.

Notes
Turn   | Place    | Note
-------+----------+-------------------------------------------
     0 | D:1      | Monsterracer the Deep Dwarf Fighter began the quest for the Orb.
     0 | D:1      | Reached XP level 1. HP: 20/20 MP: 1/1
   135 | D:2      | Reached XP level 2. HP: 22/27 MP: 2/2
   284 | D:2      | Noticed a bullfrog
   295 | D:2      | Killed a bullfrog
   295 | D:2      | Reached skill level 3 in Axes
   295 | D:2      | Reached XP level 3. HP: 27/34 MP: 3/3
   295 | D:2      | Reached XP level 4. HP: 34/42 MP: 4/4
   347 | D:3      | Found a sacrificial altar of Ru.
   615 | D:4      | Found a sand-covered staircase.
   619 | Ossuary  | Entered an ossuary
   635 | Ossuary  | Reached skill level 4 in Axes
   635 | Ossuary  | Reached XP level 5. HP: 46/49 MP: 5/5
   749 | Ossuary  | Reached XP level 6. HP: 47/57 MP: 6/6
   764 | Ossuary  | Reached skill level 5 in Axes
   829 | D:4      | Found Moubb's Antique Armour Emporium.
   841 | D:4      | Bought an encrusted chain mail for 161 gold pieces
   851 | D:4      | Identified the cursed +0 chain mail of Ymucaune {rPois rN++ MP+9 Slay-2} (You bought it in a shop on level 4 of the Dungeon)
   906 | D:4      | Noticed Ijyb
   922 | D:4      | Killed Ijyb
   927 | D:4      | Reached XP level 7. HP: 20/64 MP: 7/7
   937 | D:4      | Found a staircase to the Ecumenical Temple.
   952 | Temple   | Entered the Ecumenical Temple
   995 | Temple   | Quit the game

Skill      XL: |  1  2  3  4  5  6 |
---------------+-------------------+-----
Fighting       | 3 4 |  4.1
Axes           | 3 4 5 |  5.6
Shields        | 4 |  4.9
Armour         | 4 |  4.9

Action                   |  1- 3 |  4- 6 |  7- 9 || total
-------------------------+-------+-------+-------++-------
Melee: War axe           |    34 |   170 |     8 ||   212
 Abil: Heal Wounds       |       |     2 |     1 ||     3
  Use: Scroll            |       |    10 |       ||    10
  Eat: Chunk             |       |     1 |       ||     1
Armor: Scale mail        |    11 |       |       ||    11
       Plate armour      |    10 |    86 |       ||    96
       Chain mail        |       |     8 |     2 ||    10
Dodge: Dodged            |    11 |    15 |     2 ||    28
Block: Shield            |    19 |    87 |     4 ||   110

Vault maps used:
D:1:      dpeg_arrival_tiny_j, kennysheep_decorative_pillar
D:2:      first_ration
D:3:      overflow_temple_1_default, okawaru_ov_weapons_minmay,
          makhleb_altar_promises_db
D:4:      minmay_temple_entry_trees, serial_shops, kennysheep_little_box,
          enter_ossuary_5, ebering_ghost_disaster_area, uniq_sigmund, uniq_ijyb
Temple:   eino_wide_crystal_templ
Ossuary:  ossuary_minmay_chase
